 Dungeon Crawl Stone Soup version 0.30-a0-883-g5ad918d77d (webtiles) character file.

Game seed: 1305587754968949197

4 jasper the Chopper (level 2, -2/26 HPs)
             Began as a Meteoran Cinder Acolyte on Mar 16, 2023.
             Was a High Priest of Ignis.
             Slain by Jessica
             ... wielding a +0 dagger
              (5 damage)
             ... on level 3 of the Dungeon.
             The game lasted 00:00:39 (193 turns).

jasper the Chopper (Meteoran Cinder Acolyte)         Turns: 193, Time: 00:00:40

Health: -2/26      AC:  2    Str: 15    XL:     2   Next: 0%
Magic:  5/5        EV: 11    Int: 15    God:    Ignis [*****.]
Gold:   12         SH:  0    Dex:  9    Spells: 3/3 levels left

rFire   + . .      SeeInvis .    a - -1 hand axe (flame)
rCold   . . .      Faith    .    (no shield)
rNeg    . . .      Spirit   .    b - +0 robe
rPois   .          Reflect  .    (no helmet)
rElec   .          Rampage  .    (no cloak)
rCorr   .                        (no gloves)
Will    .....                    (no boots)
Stlth   +                        (no amulet)
HPRegen 0.24/turn                (no ring)
MPRegen 0.09/turn                (no ring)

@: glowing
A: sense surroundings 1, otherworldly, glowing, explore regen
a: Renounce Religion, Fiery Armour, Foxfire Swarm, Rising Flame


You were on level 3 of the Dungeon.
You worshipped Ignis.
Ignis was extremely pleased with you.
You visited 1 branch of the dungeon, and saw 3 of its levels.

You collected 12 gold pieces.

Inventory:

Hand Weapons
 a - a -1 hand axe of flaming (weapon)
Armour
 b - a +0 robe (worn)
Scrolls
 d - a scroll of amnesia {unknown}
Potions
 c - a potion of resistance {unknown}
 e - a potion of brilliance {unknown}


   Skills:
 + Level 3.3 Fighting
 * Level 3.8 Axes
 + Level 0.4 Armour
 + Level 0.4 Dodging
 - Level 1.3 Spellcasting
 - Level 3.6 Fire Magic


You had 3 spell levels left.
You didn't know any spells.
Your spell library contained the following spells:

 Spells                   Type           Power      Damage    Failure   Level
 Scorch                   Fire           22%        2d6       9%          2


Dungeon Overview and Level Annotations

Branches:
Dungeon (3/15) Zot: 1603

Altars:

Annotations:
D:3 Jessica


Innate Abilities, Weirdness & Mutations

You passively map a small area around you.
You are easily found by Zot.
You glow in the dark.
You regain HP and MP as you explore.


Message History

You take 1 damage, and have 16/19 hp.
You hit the kobold. You burn the kobold.
You kill the kobold!
You have reached level 2!
You regained 7 hp, and now have 23/26 hp.
MP restored: 5
Things that are here:
a +0 club; a stone
There is a stone staircase leading down here.
Health restored: 26 You climb downwards.
There is a stone staircase leading up here.
Jessica the Apprentice Sorceress comes into view.
She is wielding a +0 dagger and carrying a wand of flame (27).
Jessica points at you and mumbles some strange words.
Pain shoots through your body!
You take 11 damage, and have 15/26 hp.
MASSIVE DAMAGE!!
Jessica zaps a wand.
The puff of flame hits you. You resist.
You take 3 damage, and have 13/26 hp.
Jessica closely misses you.
Unknown command.
You hit Jessica. You burn Jessica.
Jessica is moderately wounded.
Jessica hits you with a +0 dagger!
* * * LOW HITPOINT WARNING * * *
You take 6 damage, and have 7/26 hp.
MASSIVE DAMAGE!!
You barely miss Jessica.
Jessica is moderately wounded.
Jessica gestures wildly while chanting.
Jessica seems to speed up.
Okay, then.
Activating: Foxfire Swarm
Press: ? - help, Dir - look around, f - activate Flames leap up around you!
Jessica barely misses you.
Your foxfire dissipates!
Jessica attacks as you move away! Jessica hits you with a +0 dagger.
* * * LOW HITPOINT WARNING * * *
The foxfire hits Jessica.
Jessica is almost dead.
Jessica hits you with a +0 dagger.
You die...

* * , ,, * * , ,,
,* * ######### ,*
#........ ***,
###.####### #...#
#.###########.###
#....@@v......#
#.############# *


You could see Jessica (fast, ally target).

Vanquished Creatures
  2 hobgoblins (D:2)
  A kobold (D:2)
  A rat (D:2)
4 creatures vanquished.

Vanquished Creatures (others)
  A foxfire (D:3)
1 creature vanquished.

Grand Total: 5 creatures vanquished

Notes
Turn   | Place    | Note
-------+----------+-------------------------------------------
     0 | D:1      | jasper the Meteoran Cinder Acolyte began the quest for the
                  | Orb.
     0 | D:1      | Reached XP level 1. HP: 19/19 MP: 3/3
   149 | D:2      | Reached XP level 2. HP: 23/26 MP: 5/5
   185 | D:3      | Noticed Jessica
   193 | D:3      | Slain by Jessica

Illustrated notes

Levels and vault maps discovered:
D:1:      minmay_arrival_solitary_statue, layout_basic,
          shapermc_ecumenical_altar_gd, corexii_hall_statues_i
D:2:      layout_loops_cross, serial_forest, infiniplex_forest_lined_corner,
          infiniplex_forest_clump_diagonal, infiniplex_forest_lined_corner,
          infiniplex_forest_lined_3_way, infiniplex_forest_lined_room_2,
          infiniplex_forest_lined_3, basic_altar
D:3:      layout_basic, nicolae_eternal_life, uniq_jessica

Action                     || total
---------------------------++-------
  Melee: Hand axe          ||    18
 Invoke: Foxfire Swarm     ||     1
 Armour: Robe              ||     2
  Dodge: Dodged            ||    13

Table legend: (Time is in decaauts)
 A = Elapsed time spent in this place.
 B = Non-inter-level travel time spent in this place.
 C = Inter-level travel time spent in this place.
 D = Time resting spent in this place.
 E = Time spent auto-exploring this place.
 F = Levels seen in this place.
 G = Mean time per level.
                   A        B        C        D        E       F      G
               +--------+--------+--------+--------+--------+-----+--------+
         Total |    195 |    189 |      6 |      0 |    128 |   3 |   65.0 |
       Dungeon |    195 |    189 |      6 |      0 |    128 |   3 |   65.0 |
               +--------+--------+--------+--------+--------+-----+--------+

Top non-repeatable levels by time:
     D:2: 137 daAuts
     D:3: 39 daAuts
     D:1: 19 daAuts
